AoeStats
← nelson.llanos.cuevas

Arabian Desert

510187030Analyzed
1v1 RM · 3d ago on Sep 29, 2026· 26m 27s· 2 players
Game mode
Random Map
Map size
Tiny (2 player)
Population
200
Speed
Normal
Resources
Standard
Victory
Conquest
Starting age
Dark Age
Ending age
Imperial Age
RankedLock teamsTeams togetherTeam positionsShared explorationLock speedFull tech treeHidden civsTurbo modeCheats
Victory
Defeat
🇳🇱 Mongols · Netherlands
664
+16
🇨🇱 Franks · Chile
657
-16
nelson.llanos.cuevas
14:41 Feudal Age
17:41 Forging
17:36 Scale Barding Armor
21:33 Castle Age
24:42 Chain Barding Armor
Myper
0:29 Loom
10:40 Feudal Age
11:48 Double-Bit Axe
14:07 Bloodlines
14:52 Scale Barding Armor
15:40 Wheelbarrow
21:31 Castle Age
21:37 Light Cavalry
22:30 Pikeman
23:11 Squires
23:28 Gold Mining
Connection lost

Rejoining the realm…

Still unreachable

The connection could not be restored.

Session expired

The server has moved on; the page needs a fresh start.